 Dungeon Sprint DCSS version 0.31-a0-43-g46d131a48f (webtiles) character file.

Game seed: 950684278188381136

48771 rocky1 the Shatterer (level 14, -13/147 HPs)
             Began as a Minotaur Fighter on May 19, 2023.
             Was the Champion of Cheibriados.
             Mangled by Arachne
             ... wielding a staff of poison
              (23 damage)
             ... in the Dungeon (Sprint VII: "The Pits") on May 20, 2023.
             The game lasted 00:17:52 (7116 turns).

rocky1 the Shatterer (Minotaur Fighter)             Turns: 7116, Time: 00:17:52

Health: -13/147    AC: 33    Str: 42    XL:     14   Next: 13%
Magic:  1/24       EV: 18    Int: 22    God:    Cheibriados [******]
Gold:   61         SH: 24    Dex: 25    Spells: 13/13 levels left

rFire   + + .        O - +2 eveningstar (protect)
rCold   . . .        C - +1 tower shield
rNeg    . . .        n - +10 plate armour {ponderous}
rPois   .            (helmet restricted)
rElec   .            o - +1 cloak
rCorr   .            b - +2 pair of gloves {Str+3}
SInv    .            (no boots)
Will    +....        (no amulet) Stlth
                     D - ring of protection from fire
HPRegen 0.44/turn    w - ring of protection from fire
MPRegen 0.19/turn

%: no teleportation
@: mighty, invisible, very slow
A: horns 2, retaliatory headbutt
a: Renounce Religion, Bend Time, Temporal Distortion, Slouch, Step From Time


You were in the Dungeon.
You worshipped Cheibriados.
Cheibriados was exalted by your worship.
You visited 1 branch You collected 61 gold pieces.

Inventory:

Hand Weapons
 a - a +5 broad axe
 r - the +2 morningstar "Xaptik" {protect, rElec MP+9}
   (You found it in the Dungeon)

   rElec:     It insulates you from electricity.
   MP:        It affects your magic capacity (+9).
 u - a +1 heavy broad axe
 J - a +0 giant club
 O - a +2 eveningstar of protection (weapon)
Missiles
 E - a poisoned dart (quivered)
 K - 4 javelins
Armour
 b - a +2 pair of gloves of strength (worn)
 c - a +0 buckler
 n - a +10 plate armour of ponderousness (worn)
 o - a +1 cloak (worn)
 s - a +0 cloak
 t - a +3 plate armour
 y - the +0 toga "Victory" {*Victory Clar}
   (You found it in the Dungeon)

   *Victory:  When the wearer kills a threatening monster, it has a chance to
   gain +1 AC, +1 Slay, and +1 Int, capping at +7.
   When the wearer uses a scroll or a potion with a hostile monster in sight,
   its bonuses reset to +0.
   Unequipping it also resets its bonuses to +0.
   Clar:      It protects you from confusion, rage, mesmerisation and fear.
 C - a +1 tower shield (worn)
 I - the +0 hat "Gicsutwe" {*Corrode +Blink Int+3}
   (You found it in the Dungeon)

   Int:       It affects your intelligence (+3).
   +Blink:    It lets you blink.
   *Corrode:  It may corrode you when you take damage.
 L - a +1 scale mail of fire resistance
Jewellery
 p - a +3 ring of protection
 w - a ring of protection from fire (right hand)
 x - a ring of positive energy
 D - a ring of protection from fire (left hand)
 G - the ring "Meozxor" {Fly rN+ Str+2 Int+2}
   (You found it in the Dungeon)

   [ring of flight]

   Str:       It affects your strength (+2).
   Int:       It affects your intelligence (+2).
   rN:        It protects you from negative energy.
   Fly:       It grants you flight.
 H - an amulet of the acrobat
Wands
 z - a wand of iceblast (4)
 B - a wand of charming (8)
 N - a wand of mindburst (2)
Scrolls
 j - 2 scrolls of blinking
 l - 5 scrolls of amnesia
 m - a scroll of summoning
 v - 3 scrolls of fog
 F - 2 scrolls of fear
 M - a scroll of identify
Potions
 d - a potion of might
 e - 9 potions of curing
 f - 5 potions of heal wounds
 g - 5 potions of haste
 h - 4 potions of magic
 i - 3 potions of berserk rage
 k - a potion of invisibility
 q - a potion of brilliance


   Skills:
 + Level 19.7 Fighting
 * Level 18.7(22.9) Axes
 + Level 22.1(24.5) Maces & Flails
 - Level 2.4 Throwing
 + Level 15.6 Armour
 + Level 12.3 Dodging
 - Level 2.1 Stealth
 + Level 18.4 Shields
 - Level 15.3 Invocations


You had 13 spell levels left.
You didn't know any spells.
Your spell library contained the following spells:

 Spells                   Type           Power      Damage    Failure   Level
 Lesser Beckoning         Tloc           0%         N/A       77%         2
 Gell's Gravitas          Tloc           0%         N/A       94%         3
 Inner Flame              Hex/Fire       0%         N/A       94%         3
 Teleport Other           Tloc           0%         N/A       94%         3
 Yara's Violent Unravell  Hex/Tmut       0%         3d3       100%        5
 Enfeeble                 Hex            0%         N/A       100%        7


Dungeon Overview and Level Annotations

Branches:
Dungeon (1/1)

Altars:
Ashenzari
Cheibriados
Dithmenos
Elyvilon
Fedhas
Gozag
Hepliaklqana
Kikubaaqudgha
Makhleb
Nemelex Xobeh
Okawaru
Qazlal
Ru
Sif Muna
Trog
Uskayaw
Vehumet
Wu Jian
Xom
Yredelemnul
Zin
The Shining One
Jiyva
Lugonu

Annotations:
D Arachne


Innate Abilities, Weirdness & Mutations

You have a pair of horns on your head.
You reflexively headbutt those who attack you in melee.


Message History

The iron troll bites you but does no damage.
The iron troll claws you but does no damage.
The iron troll barely misses you.
You feel much better. Arachne hits you but does no damage.
Arachne envenoms you.
You are poisoned.
A merfolk comes into view. It is wielding a +0 trident.
Arachne hits you with a staff of poison.
Arachne envenoms you!
You are more poisoned.
The iron troll bites you.
The iron troll claws you but does no damage. x2
The bone dragon bites you! The bone dragon claws you!
The bone dragon tramples you!
You are shoved backwards!
You feel very mighty all of a sudden.
You feel sick.
The merfolk shouts!
You hear a deafening roar!
The jumping spider changes into a redback!
Arachne hits you with a staff of poison!
Arachne envenoms you!!
* * * LOW HITPOINT WARNING * * *
You are more poisoned.
The bone dragon bites you!
* * * LOW HITPOINT WARNING * * *
The bone dragon claws you but does no damage.
You block the bone dragon's attack.
A swamp dragon comes into view.
You hear a low.
You feel better.
The swamp dragon roars deafeningly!
You hear a deafening roar!
You hear a hideous shriek!
You block Arachne's attack. x2
The bone dragon bites you but does no damage.
The bone dragon barely misses you. The bone dragon misses you.
Unknown command.
Arachne attacks as you move away!
Arachne hits you with a staff of poison.
* * * LOW HITPOINT WARNING * * *
Arachne envenoms you!!
You die...

,,** **,,,,,,,,,,,,,,,** **,, ***
***************** ***
*********************### ******
,,,,,,,,,,,,,,,,,,,,*..# ***,,,,,
,,,,,,*,*,,,,,,,,,,*#..#**,,,,,,,
,,,,**,,.**,,,,,,,,*...#*,,,,,,,,
,***,,,,...##*,,,,##...#*,,,,,,,,
*,,,,,,,...Dmm#####..#.#*,,,,,,,,
,,,,,,,*...ACnCD@......#**,,,,,,,
,,,,,**,##s..TnH#...##.# ***,,,,,
,,,,,,,*.....Cnh+......# **++**
*,,,,,,,......#####..#.######++##
,***,,,,...###,,,,##...##........
,,,,**,,.#*,,,,,,,,#...##........
,,,,,,*,*,,,,,,,,,,##..''..#....#
,,,,,,,,,,,,,,,,,,,,#..''........
********************#####))......


You could see Arachne, a bone dragon, 2 ghouls, 2 frost giants, a fire giant, an
iron troll (unable to see you), a cherub (unable to see you), a swamp dragon
(wandering, unable to see you), a merfolk aquamancer, a hell hog (unable to see
you), a merfolk (unable to see you), a bog body (unable to see you) and a
redback shaped shifter (unable to see you).

Vanquished Creatures
  A royal mummy (D)
  An acid blob (D)
  A storm dragon (D)
  A nagaraja (D)
  An emperor scorpion (D)
  A deep elf sorcerer (D)
  2 orc warlords (D)
  A green draconian (D)
  A minotaur (D)
  A deep elf annihilator (D)
  Azrael (D)
  A blizzard demon (D)
  Josephine (D)
  A rakshasa (D)
  An ice dragon (D)
  Erolcha (D)
  3 vault guards (D)
  A hydra (D)
  A two-headed ogre (D)
  2 merfolk avatars (D)
  3 naga warriors (D)
  2 vampire magi (D)
  6 hell hogs (D)
  A deep elf knight (D)
  A fire crab (D)
  A deep troll (D)
  3 swamp dragons (D)
  A flayed ghost (D)
  A lindwurm (D)
  A phantasmal warrior (D)
  12 orc knights (D)
  A wolf spider (D)
  An elephant (D)
  An ugly thing (D)
  A rust devil (D)
  Maurice (D)
  A black mamba (D)
  A gargoyle (D)
  A molten gargoyle (D)
  2 cane toads (D)
  An efreet (D)
  A kobold demonologist (D)
  4 ice devils (D)
  A red devil (D)
  3 trolls (D)
  A merfolk (D)
  A guardian mummy (D)
  2 hellwings (D)
  A tarantella (D)
  A polar bear (D)
  A hornet (D)
  2 snapping turtles (D)
  9 dream sheep (D)
  An air elemental (D)
  3 spriggans (D)
  A flying skull (D)
  A shadow (D)
  A wyvern (D)
  2 wraiths (D)
  A large abomination (D)
  2 chaos spawn (D)
  5 fire elementals (D)
  2 basilisks (D)
  2 vampire mosquitoes (D)
  2 water moccasins (D)
  3 hell hounds (D)
  2 sky beasts (D)
  10 wolves (D)
  A centaur (D)
  2 necrophages (D)
  An earth elemental (D)
  5 wights (D)
  2 killer bees (D)
  A crimson imp (D)
  A hound (D)
  A quasit (D)
  An orc wizard (D)
  An adder (D)
  2 white imps (D)
  3 ufetubi (D)
  2 adder zombies (D)
  A worm (D)
  2 orcs (D)
  A bat zombie (D)
  2 endoplasms (D)
  2 giant cockroaches (D)
  2 goblins (D)
  3 hobgoblins (D)
  2 quokkas (D)
  A ball python simulacrum (D)
  A ball python zombie (D)
  A frilled lizard (D)
173 creatures vanquished.

Vanquished Creatures (others)
  A killer bee (D)
  A quokka zombie (D)
2 creatures vanquished.

Grand Total: 175 creatures vanquished

Notes
Turn   | Place    | Note
-------+----------+-------------------------------------------
     0 | D        | rocky1 the Minotaur Fighter began the quest for the Orb.
     0 | D        | Reached XP level 1. HP: 19/19 MP: 0/0
    23 | D        | Found a bloodstained altar of Trog.
    23 | D        | Found a shimmering blue altar of Sif Muna.
    23 | D        | Found a viscous altar of Jiyva.
    23 | D        | Found a hazy altar of Hepliaklqana.
    23 | D        | Found an opulent altar of Gozag.
    24 | D        | Found a glowing golden altar of the Shining One.
    24 | D        | Found a glowing silver altar of Zin.
    24 | D        | Found a basalt altar of Yredelemnul.
    24 | D        | Found a shimmering altar of Xom.
    24 | D        | Found an ornate altar of the Wu Jian Council.
    24 | D        | Found a sacrificial altar of Ru.
    24 | D        | Found a stormy altar of Qazlal.
    24 | D        | Found an iron altar of Okawaru.
    24 | D        | Found a sparkling altar of Nemelex Xobeh.
    24 | D        | Found a burning altar of Makhleb.
    24 | D        | Found a blossoming altar of Fedhas.
    24 | D        | Found a white marble altar of Elyvilon.
    24 | D        | Found a shadowy altar of Dithmenos.
    24 | D        | Found a snail-covered altar of Cheibriados.
    27 | D        | Found a corrupted altar of Lugonu.
    27 | D        | Found a radiant altar of Vehumet.
    28 | D        | Found an ancient bone altar of Kikubaaqudgha.
    28 | D        | Found a hide-covered altar of Uskayaw.
    28 | D        | Found a broken altar of Ashenzari.
    35 | D        | Became a worshipper of Cheibriados the Contemplative
    74 | D        | Reached * piety under Cheibriados
    75 | D        | Reached skill level 3 in Maces & Flails
    75 | D        | Reached XP level 2. HP: 17/28 MP: 1/1
   258 | D        | Reached ** piety under Cheibriados
   259 | D        | Reached skill level 5 in Fighting
   259 | D        | Reached skill level 5 in Armour
   259 | D        | Reached skill level 5 in Shields
   516 | D        | Reached *** piety under Cheibriados
   518 | D        | Reached skill level 4 in Maces & Flails
   518 | D        | Reached XP level 3. HP: 36/36 MP: 2/2
   768 | D        | Noticed a wight
   768 | D        | Noticed a wight
   773 | D        | Killed a wight
   773 | D        | Reached **** piety under Cheibriados
   774 | D        | Reached skill level 1 in Invocations
   774 | D        | Reached XP level 4. HP: 29/44 MP: 2/4
   777 | D        | Reached skill level 5 in Maces & Flails
   777 | D        | Reached skill level 1 in Dodging
   777 | D        | Reached XP level 5. HP: 34/51 MP: 2/6
   848 | D        | Noticed a sky beast
   850 | D        | Noticed a sky beast
   851 | D        | Reached ***** piety under Cheibriados
   852 | D        | Reached skill level 1 in Stealth
   865 | D        | Killed a sky beast
   866 | D        | Reached skill level 6 in Maces & Flails
   866 | D        | Reached XP level 6. HP: 45/60 MP: 6/8
   872 | D        | Killed a sky beast
   873 | D        | Reached skill level 7 in Maces & Flails
   873 | D        | Reached skill level 5 in Invocations
   886 | D        | Reached skill level 8 in Maces & Flails
  1025 | D        | Reached ****** piety under Cheibriados
  1028 | D        | Noticed an ice devil
  1032 | D        | Killed an ice devil
  1033 | D        | Reached skill level 9 in Maces & Flails
  1033 | D        | Reached skill level 10 in Armour
  1033 | D        | Reached XP level 7. HP: 69/69 MP: 10/10
  1253 | D        | Reached skill level 10 in Maces & Flails
  1446 | D        | Noticed a troll
  1446 | D        | Noticed a chaos spawn
  1451 | D        | Killed a chaos spawn
  1452 | D        | Reached XP level 8. HP: 78/78 MP: 6/12
  1456 | D        | Killed a troll
  1457 | D        | Reached skill level 11 in Maces & Flails
  1519 | D        | Got the +2 morningstar "Xaptik" {protect, rElec MP+9}
  1744 | D        | Reached skill level 1 in Axes
  1771 | D        | Noticed a troll
  1774 | D        | Killed a troll
  1775 | D        | Reached skill level 12 in Maces & Flails
  1775 | D        | Reached skill level 5 in Dodging
  1780 | D        | Reached skill level 10 in Fighting
  1791 | D        | Noticed a flying skull
  1793 | D        | Killed a flying skull
  1794 | D        | Reached XP level 9. HP: 80/85 MP: 14/14
  1912 | D        | Noticed a molten gargoyle
  1917 | D        | Killed a molten gargoyle
  1918 | D        | Reached skill level 13 in Maces & Flails
  1918 | D        | Reached skill level 10 in Shields
  2041 | D        | Noticed Maurice
  2046 | D        | Reached skill level 5 in Axes
  2051 | D        | Killed Maurice
  2176 | D        | Noticed a cane toad
  2180 | D        | Killed a cane toad
  2186 | D        | Noticed a lindwurm
  2195 | D        | Reached skill level 14 in Maces & Flails
  2202 | D        | Killed a lindwurm
  2344 | D        | Noticed an elephant
  2347 | D        | Noticed a phantasmal warrior
  2353 | D        | Reached XP level 10. HP: 95/96 MP: 16/16
  2358 | D        | Killed an elephant
  2359 | D        | Reached skill level 10 in Invocations
  2361 | D        | Reached skill level 15 in Maces & Flails
  2365 | D        | Noticed an orange demon
  2398 | D        | Noticed a merfolk avatar
  2399 | D        | Killed a phantasmal warrior
  2400 | D        | Reached skill level 16 in Maces & Flails
  2404 | D        | Killed a merfolk avatar
  2533 | D        | Noticed a black mamba
  2536 | D        | Killed a black mamba
  2642 | D        | Found the +0 toga "Victory" {*Victory Clar}
  2770 | D        | Reached skill level 10 in Axes
  2770 | D        | Reached XP level 11. HP: 85/105 MP: 18/18
  2774 | D        | Reached skill level 17 in Maces & Flails
  2935 | D        | Noticed a flayed ghost
  2935 | D        | Noticed a deep troll
  2940 | D        | Killed a deep troll
  2942 | D        | Killed a flayed ghost
  3082 | D        | Noticed Erolcha
  3090 | D        | Killed Erolcha
  3365 | D        | Noticed an emperor scorpion
  3377 | D        | Killed an emperor scorpion
  3773 | D        | Noticed a vampire mage
  3779 | D        | Noticed a jiangshi
  3779 | D        | Noticed a flayed ghost
  3785 | D        | Killed a vampire mage
  3786 | D        | Reached skill level 18 in Maces & Flails
  4260 | D        | Noticed a green ugly thing
  4264 | D        | Killed a green ugly thing
  4285 | D        | Noticed a rakshasa
  4296 | D        | Killed a rakshasa
  4742 | D        | Noticed an orc knight
  4742 | D        | Noticed an orc knight
  4742 | D        | Noticed an orc knight
  4742 | D        | Noticed an orc knight
  4751 | D        | Killed an orc knight
  4752 | D        | Reached XP level 12. HP: 108/118 MP: 21/21
  4915 | D        | Noticed an orc warlord
  4957 | D        | Noticed an orc warlord
  4972 | D        | Killed an orc warlord
  4972 | D        | Noticed a vault guard
  4973 | D        | Reached skill level 15 in Fighting
  4977 | D        | Killed an orc warlord
  4979 | D        | Killed a vault guard
  4980 | D        | Reached skill level 1 in Throwing
  4980 | D        | Noticed a merfolk avatar
  5009 | D        | Killed a merfolk avatar
  5010 | D        | Reached skill level 19 in Maces & Flails
  5015 | D        | Reached skill level 10 in Dodging
  5370 | D        | Noticed a vault guard
  5373 | D        | Noticed a naga warrior
  5378 | D        | Noticed a deep elf annihilator
  5381 | D        | Noticed a naga warrior
  5382 | D        | Killed a naga warrior
  5384 | D        | Noticed a naga warrior
  5387 | D        | Killed a deep elf annihilator
  5395 | D        | HP: 6/124 [naga warrior/+0 short sword (31)]
  5397 | D        | Killed a naga warrior
  5407 | D        | Killed a naga warrior
  5408 | D        | Reached skill level 15 in Axes
  5853 | D        | Killed a vault guard
  5855 | D        | Noticed a deep elf sorcerer
  5856 | D        | Noticed a vault guard
  5866 | D        | Killed a vault guard
  5868 | D        | Killed a deep elf sorcerer
  5869 | D        | Reached skill level 20 in Maces & Flails
  5869 | D        | Reached XP level 13. HP: 76/132 MP: 22/22
  6171 | D        | Noticed an acid blob
  6174 | D        | Killed an acid blob
  6204 | D        | Noticed a royal mummy
  6212 | D        | Killed a royal mummy
  6213 | D        | Reached skill level 15 in Shields
  6213 | D        | Reached skill level 15 in Invocations
  6478 | D        | Noticed a storm dragon
  6486 | D        | Killed a storm dragon
  6650 | D        | Noticed Azrael
  6667 | D        | Killed Azrael
  6685 | D        | Got the ring "Meozxor" {Fly rN+ Str+2 Int+2}
  6694 | D        | Got the +0 hat "Gicsutwe" {*Corrode +Blink Int+3}
  6754 | D        | Noticed Josephine
  6761 | D        | Noticed a minotaur
  6769 | D        | Killed a minotaur
  6778 | D        | Reached skill level 21 in Maces & Flails
  6790 | D        | Killed Josephine
  6791 | D        | Reached skill level 15 in Armour
  6807 | D        | Noticed a blizzard demon
  6814 | D        | Killed a blizzard demon
  6935 | D        | Acquired a +2 eveningstar of protection
  6960 | D        | Noticed a nagaraja
  6961 | D        | Noticed a green draconian
  6967 | D        | Killed a green draconian
  6970 | D        | Killed a nagaraja
  6971 | D        | Reached XP level 14. HP: 143/146 MP: 24/24
  7100 | D        | Noticed a ghoul
  7103 | D        | Noticed a ghoul
  7106 | D        | Noticed Arachne
  7107 | D        | Reached skill level 22 in Maces & Flails
  7108 | D        | Noticed a bone dragon
  7109 | D        | Noticed a frost giant
  7109 | D        | Noticed a fire giant
  7110 | D        | Noticed a frost giant
  7114 | D        | HP: 3/147 [bone dragon (12)]
  7116 | D        | Mangled by Arachne

Illustrated notes

Levels and vault maps discovered:
D:        pitsprint [storerooms_1, entrance_room_1, metal_vault_8, armoury_1,
          mini_pit_1, grid_room_1, main_hall_1, silver_pit, the_coven_1,
          the_vestibule_1, steel_vault_2, golden_pit, hallway_of_sentries,
          crystal_vault_4, iron_vault_1, final_vault]

Skill      XL: |  1  2  3  4  5  6  7  8  9 10 11 12 13 14 |
---------------+-------------------------------------------+-----
Fighting       | 4 5 6 7 8 9 10 11 12 14 17 19 | 19.7
Maces & Flails | 3 4 5 6 9 10 12 14 16 18 20 21 22 | 22.1
Armour         | 4 5 6 7 8 10 11 12 13 15 | 15.6
Shields        | 4 6 7 9 10 11 13 14 17 18 | 18.4
Invocations    | 1 2 4 6 7 8 9 11 13 14 15 | 15.3
Dodging        | 1 2 3 4 5 6 8 11 12 | 12.3
Stealth        | 1 2 |  2.1
Axes           | 4 7 10 12 15 18 | 18.7
Throwing       | 2 |  2.4

Action                     |  1- 3 |  4- 6 |  7- 9 | 10-12 | 13-15 || total
---------------------------+-------+-------+-------+-------+-------++-------
  Melee: Flail             |    22 |       |       |       |       ||    22
         Headbutt          |     5 |     7 |    15 |    71 |    51 ||   149
         Mace              |     3 |    35 |    16 |       |       ||    54
         Morningstar       |       |       |    42 |   238 |   157 ||   437
         Eveningstar       |       |       |       |       |    17 ||    17
  Throw: Dart              |       |       |       |     4 |       ||     4
 Invoke: Slouch            |       |       |     1 |    11 |     5 ||    17
    Use: Potion            |     1 |     1 |       |     7 |     4 ||    13
         Scroll            |       |       |       |     1 |     2 ||     3
   Stab: Sleeping          |       |       |       |     2 |     1 ||     3
 Armour: Scale mail        |    30 |    20 |     6 |       |       ||    56
         Plate armour      |       |       |    24 |    14 |    45 ||    83
         Robe              |       |       |       |    48 |       ||    48
  Dodge: Dodged            |    16 |    13 |    29 |   133 |    65 ||   256
  Block: Buckler           |    12 |    13 |    10 |    86 |     1 ||   122
         Tower shield      |       |       |       |       |   120 ||   120

Table legend: (Time is in decaauts)
 A = Elapsed time spent in this place.
 B = Non-inter-level travel time spent in this place.
 C = Inter-level travel time spent in this place.
 D = Time resting spent in this place.
 E = Time spent auto-exploring this place.
 F = Levels seen in this place.
 G = Mean time per level.
                   A        B        C        D        E       F      G
               +--------+--------+--------+--------+--------+-----+--------+
         Total |   8068 |   7948 |    120 |   5297 |      0 |   1 | 8068.0 |
       Dungeon |   8068 |   7948 |    120 |   5297 |      0 |   1 | 8068.0 |
               +--------+--------+--------+--------+--------+-----+--------+

Top non-repeatable levels by time:
       D: 8068 daAuts
